 Dungeon Crawl Stone Soup version 0.18-a0-1539-g1c7284a (webtiles) character file.

66363 Snupthedog the Destroyer (level 14, 0/115 HPs)
             Began as a White Draconian Conjurer on Mar 9, 2016.
             Was a High Priest of Vehumet.
             Slain by an ettin
             ... wielding a +0 great mace
              (38 damage)
             ... on level 12 of the Dungeon.
             The game lasted 02:54:07 (26087 turns).

Snupthedog the Destroyer (DrCj)                    Turns: 26087, Time: 02:54:07

Health: 0/115      AC: 16    Str: 13    XL:     14   Next: 78%
Magic:  34/48      EV: 15    Int: 19    God:    Vehumet [*****.]
Gold:   273        SH:  0    Dex: 11    Spells: 6 memorised, 14 levels left

rFire  . . .     SeeInvis .     b - staff of conjuration
rCold  + + .     Gourm    .     (armour unavailable)
rNeg   . . .     Faith    .     (no shield)
rPois  .         Spirit   .     I - +1 hat
rElec  .         Dismiss  .     S - +2 cloak {MR+}
rCorr  .         Reflect  .     y - +1 pair of gloves
SustAt .         Harm     .     M - +1 pair of boots of Lifelessness {rC+}
MR     ++...                    c - amulet of regeneration
Stlth  ++........               A - ring of magical power
                                u - ring of magical power

@: flayed, studying Dodging, very resistant to hostile enchantments, unstealthy
A: breathe frost, unfitting armour, cold resistance 1, cold-blooded, AC +8
a: Breathe Frost, Renounce Religion


You were on level 12 of the Dungeon.
You worshipped Vehumet.
Vehumet was extremely pleased with you.
You were not hungry.

You visited 4 branches of the dungeon, and saw 22 of its levels.
You also visited: Ice Cave.

You collected 2338 gold pieces.
You spent 2065 gold pieces at shops.

Inventory:

Hand Weapons
 a - a +4 spear of piercing
 D - a +5 halberd
Armour
 y - a +1 pair of gloves (worn)
 I - a +1 hat (worn)
 M - the +1 pair of boots of Lifelessness (worn) {rC+}
   (You bought it in a shop on level 2 of the Orcish Mines)

   It protects you from cold.
 S - a +2 cloak of magic resistance (worn)
Magical Staves
 b - an uncursed staff of conjuration (weapon)
 L - an uncursed staff of power
Jewellery
 c - an amulet of regeneration (around neck)
 n - an uncursed amulet of the gourmand
 s - an uncursed amulet of rage
 u - a ring of magical power (left hand)
 v - an uncursed ring of positive energy
 A - a ring of magical power (right hand)
 H - a +6 ring of dexterity
 W - an uncursed ring of resist corrosion
Wands
 m - a wand of disintegration (5/24)
 z - a wand of polymorph (14/24)
 C - a wand of hasting (1/9)
 K - a wand of acid (1/15)
 P - a wand of confusion (21/48)
Scrolls
 d - 6 scrolls of teleportation
 e - 3 scrolls of fog
 j - 6 scrolls of immolation
 x - 7 scrolls of remove curse
 E - 3 scrolls of fear
 Q - 2 scrolls of recharging
 T - 5 scrolls of identify
 Z - 2 scrolls of blinking
Potions
 g - 4 potions of berserk rage
 h - 2 potions of brilliance
 i - 3 potions of mutation
 k - 3 potions of agility
 l - 3 potions of ambrosia
 o - 2 potions of invisibility
 q - 5 potions of curing
 r - a potion of might
 t - a potion of heal wounds
 U - 3 potions of haste
Books
 f - a book of Alchemy

   Spells                             Type                      Level
   a - Sublimation of Blood           Necromancy                   2
   b - Ignite Poison                  Fire/Transmutation/Poison    3
   c - Petrify                        Transmutation/Earth          4
   d - Alistair's Intoxication        Transmutation/Poison         5
   e - Irradiate                      Conjuration/Transmutation    5
 p - a book of the Dragon

   Spells                             Type                      Level
   a - Flame Tongue                   Conjuration/Fire             1
   b - Cause Fear                     Hexes                        4
   c - Bolt of Fire                   Conjuration/Fire             6
   d - Dragon Form                    Transmutation                7
   e - Dragon's Call                  Summoning                    9
 B - a book of Annihilations

   Spells                             Type                      Level
   a - Poison Arrow                   Conjuration/Poison           6
   b - Chain Lightning                Conjuration/Air              8
   c - Lehudib's Crystal Spear        Conjuration/Earth            8
   d - Glaciate                       Conjuration/Ice              9
   e - Fire Storm                     Conjuration/Fire             9
 F - a book of Unlife

   Spells                             Type                      Level
   a - Recall                         Summoning/Translocation      3
   b - Animate Dead                   Necromancy                   4
   c - Control Undead                 Necromancy                   4
   d - Cigotuvi's Embrace             Necromancy                   5
   e - Death Channel                  Necromancy                   6
   f - Simulacrum                     Ice/Necromancy               6
 J - a book of Conjurations

   Spells                             Type                      Level
   a - Magic Dart                     Conjuration                  1
   b - Searing Ray                    Conjuration                  2
   c - Dazzling Spray                 Conjuration/Hexes            3
   d - Fulminant Prism                Conjuration/Hexes            4
   e - Iskenderun's Mystic Blast      Conjuration                  4
   f - Iskenderun's Battlesphere      Conjuration/Charms           5
 O - a book of Enchantments

   Spells                             Type                      Level
   a - Cause Fear                     Hexes                        4
   b - Yara's Violent Unravelling     Hexes/Transmutation          5
   c - Silence                        Hexes/Air                    5
   d - Deflect Missiles               Charms/Air                   6
   e - Haste                          Charms                       6
   f - Discord                        Hexes                        8
 V - a manual of Dodging
Miscellaneous
 N - a lamp of fire
Comestibles
 w - 11 meat rations
 G - a bread ration
 R - 22 fruits
 X - 6 slices of pizza
 Y - 2 chunks of flesh


   Skills:
 * Level 8.2 Fighting
   Level 0.2 Short Blades
 - Level 12.0 Polearms
 - Level 1.3(7.9) Staves
 + Level 8.0 Dodging
 - Level 3.1 Stealth
 - Level 1.2 Unarmed Combat
 + Level 12.3 Spellcasting
 * Level 13.6 Conjurations
 + Level 3.6 Hexes
 * Level 9.3 Ice Magic


You had 14 spell levels left.
You knew the following spells:

 Your Spells              Type           Power        Failure   Level  Hunger
a - Magic Dart            Conj           ####         1%          1    None
c - Dazzling Spray        Conj/Hex       ######..     1%          3    None
d - Fulminant Prism       Conj/Hex       ######....   1%          4    #......
e - Throw Icicle          Conj/Ice       ######..     1%          4    #......
f - Iskenderun's Battles  Conj/Chrm      ######..     3%          5    ####...
h - Ozocubu's Refrigerat  Ice            #####.....   7%          6    ######.


Dungeon Overview and Level Annotations

Branches:
Dungeon (12/15)            Temple (1/1) D:4            Lair (7/8) D:9
 Shoals (0/4) Lair:5       Spider (0/4) Lair:5        Slime (0/6) Lair:6
    Orc (2/2) D:9             Elf (0/3) Orc:2

Altars:
Ashenzari
Cheibriados
Dithmenos
Elyvilon
Fedhas
Gozag
Kikubaaqudgha
Makhleb
Nemelex Xobeh
Okawaru
Pakellas
Qazlal
Ru
Sif Muna
Trog
Vehumet
Xom
Yredelemnul
Zin
The Shining One

Shops:
D:4 ?   D:5 ?   D:8 (   Orc:2 :*[[


Innate Abilities, Weirdness & Mutations

You can breathe waves of freezing cold.
You can buffet flying creatures when you breathe cold.
Your icy white scales are hard (AC +8).
Your body does not fit into most forms of armour.
Your flesh is cold resistant.
You are cold-blooded and may be slowed by cold attacks.


Message History

Your battlesphere is destroyed!
Casting: Iskenderun's Battlesphere
Confirm with . or Enter, or press ? or * to list all spells.
Okay, then.
Casting: Iskenderun's Battlesphere
Confirm with . or Enter, or press ? or * to list all spells.
Aiming: Throw Icicle
Press: ? - help, Shift-Dir - straight line, f/p - ettin
Aim: an ettin, wielding two great maces (lightly wounded, blind)
You feel a surge of power!
The shard of ice hits the ettin.
The ettin is lightly wounded.
Casting: Throw Icicle
Confirm with . or Enter, or press ? or * to list all spells.
Aiming: Throw Icicle
Press: ? - help, Shift-Dir - straight line, f/p - ettin
Aim: an ettin, wielding two great maces (lightly wounded, blind)
You feel a surge of power!
The shard of ice hits the ettin.
The ettin is severely wounded.
The ettin is no longer blind.
The ettin hits you with a great mace!!!
You die...

#...(..(...........
##(.##.#######......
#...##..# #......
#.#####.######......
#.#.c.#.....##......
#.#[#'#.###.#.......
#.#W#c###.#.#.......
#.#C##[)[##.#.......
#.#@.#?W!#..#.......
###.##(!%##(#.......
#.#.###.#(#.......
#.###.###)#.......
#.........#.######
###########. #...
#####


You could see a yaktaur captain, an ettin and a flayed ghost.

Vanquished Creatures
  An orc warlord (Orc:2)
  A frost giant (IceCv)
  Josephine (Lair:6)
  5 hydras
  A centaur warrior (D:12)
  Erica (D:8)
  The ghost of namelastname112 the Grappler, a novice DrMo of Nemelex Xobeh (D:9)
  2 death yaks
  3 orc high priests (Orc:2)
  5 skeletal warriors (D:11)
  An unseen horror (D:12)
  3 hill giants
  4 orc knights
  Pikel (D:3)
  The ghost of dorian the Reanimator, a novice DDNe of Gozag (D:6)
  4 orc sorcerers (Orc:2)
  A griffon (Lair:5)
  3 manticores
  2 cyclopes (D:12)
  An ugly thing (D:11)
  Maurice (D:11)
  An oklob plant (Lair:2)
  10 elephants
  An ice statue (IceCv)
  3 black mambas
  A torpor snail (Lair:6)
  6 spiny frogs
  A rime drake (Lair:2)
  14 komodo dragons
  An efreet (D:11)
  15 polar bears
  A troll (Orc:2)
  Grinder (D:6)
  14 blink frogs
  A shadow (D:12)
  2 wyverns
  3 wraiths (Lair:6)
  52 yaks
  7 hippogriffs
  2 basilisks
  Eustachio (D:4)
  A mottled dragon (D:8)
  A steam dragon (D:8)
  2 wargs (Orc:2)
  28 wolves
  11 water moccasins
  5 porcupines
  4 sky beasts
  2 slaves (D:4)
  30 orc warriors
  A black bear (Lair:2)
  A necrophage (D:9)
  An ice beast (D:11)
  3 phantoms
  4 centaurs
  7 ogres
  7 crocodiles
  4 big kobolds
  21 giant frogs
  Blork the orc (D:6)
  A water moccasin zombie (D:9)
  A wyvern skeleton (D:8)
  3 scorpions
  6 killer bees (D:12)
  10 wights
  8 jellies
  3 centaur zombies
  A howler monkey (D:6)
  6 crimson imps
  7 hounds
  16 orc priests
  2 quasits
  2 giant frog zombies
  A gnoll shaman (D:6)
  22 orc wizards
  3 centaur skeletons
  7 iguanas
  3 giant frog skeletons
  A hell rat (D:8)
  6 worker ants
  A killer bee zombie (D:7)
  16 sheep
  A hound skeleton (D:7)
  37 river rats
  6 adders
  6 gnolls (D:6)
  6 shadow imps
  12 white imps (Lair:3)
  3 oozes
  An adder skeleton (D:7)
  3 adder zombies
  A worm (D:2)
  5 dart slugs
  2 giant geckos
  89 orcs
  5 goblins
  4 hobgoblins (D:1)
  18 jackals
  4 quokkas
  A ball python (D:1)
  4 bats
  2 giant newts
  12 kobolds
  37 rats
  4 fulminant prisms
  A plant (Lair:6)
704 creatures vanquished.

Vanquished Creatures (others)
  A death yak (IceCv)
  A komodo dragon (Lair:6)
  A polar bear (IceCv)
  2 yaks (IceCv)
  2 wolves (IceCv)
  An orc priest (Orc:2)
  100 fulminant prisms
  9 fungi
  7 plants
124 creatures vanquished.

Grand Total: 828 creatures vanquished

Notes
Turn   | Place    | Note
--------------------------------------------------------------
     0 | D:1      | Snupthedog the Draconian Conjurer began the quest for the Orb.
     0 | D:1      | Reached XP level 1. HP: 14/14 MP: 3/3
   215 | D:1      | Reached XP level 2. HP: 8/20 MP: 1/5
   219 | D:1      | Learned a level 2 spell: Searing Ray
   648 | D:1      | Reached XP level 3. HP: 22/26 MP: 3/6
   852 | D:1      | Reached skill level 1 in Unarmed Combat
  1713 | D:3      | Learned a level 3 spell: Dazzling Spray
  1757 | D:3      | Reached XP level 4. HP: 33/33 MP: 3/7
  2192 | D:3      | Reached skill level 5 in Conjurations
  2203 | D:3      | Reached XP level 5. HP: 11/39 MP: 4/8
  2864 | D:4      | Noticed Pikel
  2936 | D:4      | Reached skill level 1 in Fighting
  2951 | D:4      | Gained mutation: You have supernaturally acute eyesight. [potion of mutation]
  2951 | D:4      | Gained mutation: You are dopey. (Int -2) [potion of mutation]
  2951 | D:4      | Gained mutation: Your natural rate of healing is unusually fast. [potion of mutation]
  3055 | D:4      | Noticed a phantom
  3098 | D:4      | Killed a phantom
  3098 | D:4      | Reached XP level 6. HP: 47/47 MP: 1/10
  3101 | D:4      | Found a staircase to the Ecumenical Temple.
  3102 | D:4      | Noticed a slave
  3103 | D:4      | Noticed a slave
  3104 | D:4      | Noticed a slave
  3106 | D:4      | Noticed a slave
  3137 | Temple   | Entered the Ecumenical Temple
  3227 | Temple   | Became a worshipper of Vehumet
  3242 | Temple   | Learned a level 4 spell: Fulminant Prism
  3403 | D:4      | Killed a slave
  3410 | D:4      | Killed a slave
  3436 | D:4      | Found Deakorur's Magic Scroll Emporium.
  3721 | D:4      | Bought a scroll of fear for 45 gold pieces
  3721 | D:4      | Bought a scroll of remove curse for 39 gold pieces
  3721 | D:4      | Bought a scroll of teleportation for 39 gold pieces
  3721 | D:4      | Bought a scroll of teleportation for 39 gold pieces
  3825 | D:4      | Noticed Eustachio
  3903 | D:5      | Entered Level 5 of the Dungeon
  4242 | D:5      | Found Vafutzin's Magic Scroll Emporium.
  4284 | D:5      | Reached skill level 6 in Conjurations
  4284 | D:5      | Your scales start taking on an icy white colour.
  4284 | D:5      | Reached XP level 7. HP: 35/53 MP: 11/11
  4284 | D:5      | Gained mutation: Your flesh is cold resistant. [White Draconian growth]
  4670 | D:6      | Reached skill level 1 in Hexes
  4927 | D:6      | Noticed Blork the orc
  4933 | D:6      | Killed Blork the orc
  5062 | D:6      | Noticed Grinder
  5069 | D:6      | Killed Grinder
  5069 | D:6      | Reached skill level 7 in Conjurations
  5069 | D:6      | Reached XP level 8. HP: 60/62 MP: 13/13
  5177 | D:6      | Reached * piety under Vehumet
  5177 | D:6      | Offered knowledge of Sandblast by Vehumet.
  5315 | D:6      | Reached skill level 5 in Dodging
  5415 | D:6      | Got a translucent morningstar
  5416 | D:6      | Identified the +10 morningstar "Otwima" {drain, rN+ Str+3} (You found it on level 6 of the Dungeon)
  5560 | D:6      | Noticed dorian's ghost (novice DDNe)
  5574 | D:6      | Killed dorian's ghost
  5574 | D:6      | Reached skill level 1 in Staves
  5574 | D:6      | Reached skill level 8 in Conjurations
  5872 | D:6      | Found a snail-covered altar of Cheibriados.
  6121 | D:7      | Reached XP level 9. HP: 64/71 MP: 15/15
  6309 | D:7      | Reached ** piety under Vehumet
  6309 | D:7      | Offered knowledge of Throw Frost by Vehumet.
  6327 | D:7      | Learned a level 2 spell: Throw Frost
  6358 | D:7      | Reached skill level 5 in Spellcasting
  6368 | D:7      | Found an oddly glowing altar of Pakellas.
  6653 | D:7      | Found a shadowy altar of Dithmenos.
  6756 | D:7      | Reached skill level 9 in Conjurations
  6801 | D:7      | Reached skill level 1 in Ice Magic
  6958 | D:8      | Noticed Erica
  6974 | D:8      | Killed Erica
  6974 | D:8      | Offered knowledge of Inner Flame by Vehumet.
  6974 | D:8      | Reached skill level 5 in Fighting
  7096 | D:8      | Noticed a manticore
  7116 | D:8      | Killed a manticore
  7116 | D:8      | Reached XP level 10. HP: 10/81 MP: 18/18
  7420 | D:8      | Reached skill level 1 in Polearms
  7492 | D:8      | Found a shimmering altar of Xom.
  7502 | D:8      | Found Duv Ytui's Weapon Shop.
  7592 | D:8      | Reached *** piety under Vehumet
  8344 | D:4      | Killed Eustachio
  8408 | D:3      | Killed Pikel
  8408 | D:3      | Reached skill level 5 in Polearms
  8516 | D:9      | Offered knowledge of Throw Icicle by Vehumet.
  8524 | D:8      | Learned a level 4 spell: Throw Icicle
  8664 | D:9      | Found a staircase to the Lair.
  8949 | D:9      | Noticed a hill giant
  9160 | D:9      | Found a staircase to the Orcish Mines.
  9188 | D:9      | Reached **** piety under Vehumet
  9209 | D:8      | Killed a hill giant
  9460 | D:9      | Noticed namelastname112's ghost (novice DrMo)
  9487 | Lair:1   | Entered Level 1 of the Lair of Beasts
  9545 | Lair:1   | Noticed a spiny frog
  9569 | Lair:1   | Killed a spiny frog
  9569 | Lair:1   | Offered knowledge of Fireball by Vehumet.
  9812 | Lair:1   | Reached XP level 11. HP: 78/88 MP: 18/19
  9819 | Lair:1   | Noticed a seven-headed hydra
  9854 | Lair:1   | Reached skill level 5 in Ice Magic
 11750 | Lair:2   | Learned a level 5 spell: Iskenderun's Battlesphere
 11792 | Lair:2   | Killed a seven-headed hydra
 11854 | Lair:2   | Found an opulent altar of Gozag.
 11854 | Lair:2   | Noticed an oklob plant
 11948 | Lair:2   | Killed an oklob plant
 11948 | Lair:2   | Reached skill level 10 in Polearms
 12517 | Lair:3   | Reached ***** piety under Vehumet
 12528 | Lair:3   | Reached XP level 12. HP: 48/94 MP: 8/23
 12538 | Lair:3   | Offered knowledge of Irradiate by Vehumet.
 12660 | Lair:3   | Found a frozen archway.
 12665 | IceCv    | Entered an ice cave
 12785 | IceCv    | Learned a level 1 spell: Magic Dart
 14047 | IceCv    | Noticed a death yak
 14326 | IceCv    | Killed a death yak
 14595 | IceCv    | Noticed a death yak
 14708 | IceCv    | Reached skill level 10 in Spellcasting
 14856 | IceCv    | Killed a death yak
 14953 | IceCv    | Noticed a frost giant
 14961 | IceCv    | Killed a frost giant
 14961 | IceCv    | Reached skill level 10 in Conjurations
 15189 | Lair:3   | Offered knowledge of Delayed Fireball by Vehumet.
 15476 | Lair:3   | Reached XP level 13. HP: 92/101 MP: 23/27
 16571 | Lair:4   | Reached skill level 11 in Conjurations
 17216 | Lair:5   | Found a hole to the Spider Nest.
 17225 | Lair:5   | Found a staircase to the Shoals.
 18108 | Lair:6   | Found a staircase to the Slime Pits.
 18203 | Lair:6   | Noticed Josephine
 18312 | Lair:6   | Killed Josephine
 18736 | Lair:6   | Reached skill level 12 in Conjurations
 19326 | Lair:6   | Offered knowledge of Ozocubu's Refrigeration by Vehumet.
 19351 | Lair:6   | Learned a level 6 spell: Ozocubu's Refrigeration
 20004 | Orc:1    | Entered Level 1 of the Orcish Mines
 20247 | Orc:2    | Entered Level 2 of the Orcish Mines
 20247 | Orc:2    | Found a staircase to the Elven Halls.
 20475 | Orc:2    | Found Zuvar's Book Shoppe.
 20481 | Orc:2    | Paralysed by an orc sorcerer for 5 turns
 20786 | Orc:1    | Reached XP level 14. HP: 87/111 MP: 21/30
 21338 | Orc:2    | Paralysed by an orc sorcerer for 3 turns
 21696 | Orc:2    | Noticed an orc warlord
 21706 | Orc:2    | Killed an orc warlord
 21706 | Orc:2    | Reached skill level 13 in Conjurations
 21793 | Orc:2    | Offered knowledge of Lee's Rapid Deconstruction by Vehumet.
 22096 | Orc:2    | Found Ucwumid's Antique Armour Shop.
 22109 | Orc:2    | Bought an embroidered cloak for 76 gold pieces
 22120 | Orc:2    | Found Kat Raudd's Armour Shop.
 22122 | Orc:2    | Found Madys's Assorted Antiques.
 22128 | Orc:2    | Bought the +1 pair of boots of Lifelessness {rC+} for 282 gold pieces
 22742 | D:9      | Killed namelastname112's ghost
 22822 | Orc:2    | Bought a manual of Dodging for 1545 gold pieces
 23214 | D:10     | Entered Level 10 of the Dungeon
 23863 | D:10     | Lost mutation: You are dopey. (Int -2) [potion of cure mutation]
 23863 | D:10     | Lost mutation: Your natural rate of healing is unusually fast. [potion of cure mutation]
 23863 | D:10     | Lost mutation: You have supernaturally acute eyesight. [potion of cure mutation]
 24341 | D:11     | Noticed Maurice
 24347 | D:11     | Killed Maurice
 25962 | D:12     | Found a runed door.
 26087 | D:12     | Slain by an ettin

Vault maps used:
D:1:      co_arrival_square_in_a_square_in_a_square
D:3:      first_bread, minmay_rats_cheesy_pizza
D:4:      minmay_temple_entry_glass, serial_shops, shop_fountains,
          uniq_eustachio, uniq_pikel
D:5:      serial_shops, nicolae_shop_behind_doors, corexii_corridor_pit
D:6:      basic_altar, uniq_blork_the_orc, uniq_grinder
D:7:      nicolae_dithmenos_through_a_glass_darkly,
          johnstein_pakellas_death_squad
D:8:      old_standard_altar, serial_shops, shop, uniq_erica
D:9:      dpeg_lair_monsters, david_orc_2
D:11:     uniq_maurice
D:12:     hangedman_ranch, minmay_misc_feat_alley, minmay_hidden_floor
Temple:   kilobyte_greek_temple_18
Lair:1:   beast_lair_carwin_large_2, grunt_megastairs_5
Lair:2:   lemuel_oklob_altar, grunt_megastairs_4, bh_autumn_forest_stairs
Lair:3:   portal_ice_cave_entry_imps, st_stairs_13
Lair:4:   minivault_26, minivault_11, beast_lair_carwin_6
Lair:5:   minmay_shoals_entry_beasts, dummy_spider_entry, lemuel_fruit_tree
Lair:6:   nicolae_slime_entry_slimehenge, grunt_megastairs_3, uniq_josephine
Lair:7:   disabler_island
Orc:1:    amalloy_card_club
Orc:2:    st_orc_elflike
IceCv:    ice_cave_caverns_02

Skill      XL: |  1  2  3  4  5  6  7  8  9 10 11 12 13 14 |
---------------+-------------------------------------------+-----
Dodging        | 2 3 4 5 6 8 |  8.0
Unarmed Combat | 1 |  1.2
Stealth        | 2 3 |  3.1
Conjurations   | 5 6 7 8 9 10 12 13 | 13.6
Fighting       | 1 2 4 5 6 8 |  8.2
Spellcasting   | 3 4 5 7 10 12 | 12.3
Hexes          | 1 2 3 |  3.6
Staves         | 1 |  1.3
Ice Magic      | 2 4 6 9 |  9.3
Polearms       | 7 10 12 | 12.0
Short Blades   | |  0.2

Action                   |  1- 3 |  4- 6 |  7- 9 | 10-12 | 13-15 || total
-------------------------+-------+-------+-------+-------+-------++-------
Melee: Unarmed           |   107 |       |       |       |       ||   107
       Short sword       |    58 |    32 |       |       |       ||    90
       Staff             |       |    49 |   120 |    25 |    45 ||   239
       Spear             |       |       |       |   696 |   966 ||  1662
       Halberd           |       |       |       |       |    17 ||    17
 Cast: Magic Dart        |    18 |    26 |    44 |    96 |   117 ||   301
       Searing Ray       |     8 |    23 |    31 |     3 |       ||    65
       Dazzling Spray    |       |    11 |    34 |   137 |   197 ||   379
       Fulminant Prism   |       |       |    18 |    51 |    35 ||   104
       Throw Frost       |       |       |    19 |    60 |       ||    79
       Throw Icicle      |       |       |       |    52 |   149 ||   201
       Iskenderun's Batt |       |       |       |    35 |    28 ||    63
       Ozocubu's Refrige |       |       |       |       |    16 ||    16
 Abil: Breathe Frost     |       |       |    13 |    20 |     7 ||    40
Evoke: Wand              |       |       |       |     6 |     5 ||    11
       Lamp of fire      |       |       |       |     2 |     1 ||     3
  Use: Scroll            |     8 |    10 |     8 |    17 |     9 ||    52
       Potion            |       |     1 |     1 |     2 |     4 ||     8
 Stab: Sleeping          |     1 |     3 |       |     3 |     7 ||    14
       Invisible         |       |       |     3 |    40 |    89 ||   132
       Distracted        |       |       |       |       |     1 ||     1
  Eat: Chunk             |     4 |     1 |     3 |    36 |    30 ||    74
       Meat ration       |       |     1 |       |     1 |       ||     2
       Bread ration      |       |     1 |     3 |     3 |     4 ||    11
       Pizza             |       |     1 |       |     4 |       ||     5
       Beef jerky        |       |     1 |       |       |     1 ||     2
       Fruit             |       |       |       |       |     3 ||     3
       Royal jelly       |       |       |       |       |     1 ||     1
